Cogmind - Beta 14 @@@ ROGUE MODE // 2024.08.13 @ 21:11:27 Player: Exceptionally Mediocre Result: Destroyed by G-47 Trooper with Particle Gun Performance ------------- Evolutions (0) 0 Regions Visited (2) 400 Robots Destroyed (27) 135 Value Destroyed (561) 561 Prototype IDs (0) 0 Alien Tech Used (0) 0 Bonus (0) 0 TOTAL SCORE: 1096 Bonus ------- None Cogmind --------- Core Integrity 0/250 Matter 297/300 Energy 125/125 System Corruption 0% Temperature Cool (15) Movement Treading (320) Ox2 Location -10/Mines Parts ------- > --- POWER (1) -------- Light Ion Engine > --- PROPULSION (2) --- Light Treads Light Treads > --- UTILITY (2) ------ Heat Sink Huge Storage Unit > --- WEAPON (2) ------- Small Laser Light Assault Rifle > --- INVENTORY (25) --- Ion Engine Light Ion Engine Light Ion Engine Light Ion Engine Light Ion Engine Light Treads Light Treads Light Treads Compact Wheel Compact Wheel Compact Wheel Flight Unit Large Storage Unit Signal Interpreter Terrain Scanner Medium Laser Medium Laser Medium Laser Medium Laser Light Assault Rifle Light Assault Rifle Mining Laser Hammer Peak State ------------ > --- POWER ------------ Ion Engine > --- PROPULSION ------- Light Treads Light Treads > --- UTILITY ---------- Small Storage Unit Improved Terrain Scanner > --- WEAPON ----------- Light Assault Rifle Light Assault Rifle > --- INVENTORY -------- Light Ion Engine Light Ion Engine Aluminum Leg Aluminum Leg Compact Wheel Compact Wheel Small Laser [Rating: 9] Favorites ----------- Power Light Ion Engine Engine Light Ion Engine Power Core Light Nuclear Core Propulsion Light Treads Treads Light Treads Utility Huge Storage Unit Device Heat Sink Storage Huge Storage Unit Weapon Light Assault Rifle Energy Gun Small Laser Ballistic Gun Light Assault Rifle Build | -11 -10 -10 ------- Run | Yrd Mat Min Slots Evolved . | . . . Power . | . . . Propulsion . | . . . Utility . | . . . Weapon . | . . . Parts Attached 25 | 8 17 . Power 5 | 2 3 . Engine 4 | 2 2 . Core 1 | . 1 . Reactor . | . . . Propulsion 7 | 2 5 . Treads 7 | 2 5 . Leg . | . . . Wheel . | . . . Hover . | . . . Flight . | . . . Utility 5 | 1 4 . Device 3 | . 3 . Storage 2 | 1 1 . Processor . | . . . Hackware . | . . . Protection . | . . . Artifact . | . . . Weapon 8 | 3 5 . Energy Gun 5 | 1 4 . Energy Cannon . | . . . Ballistic Gun 3 | 2 1 . Ballistic Cannon . | . . . Launcher . | . . . Special Weapon . | . . . Impact Weapon . | . . . Slashing Weapon . | . . . Piercing Weapon . | . . . Special Melee Weapon . | . . . Unidentified Prototypes . | . . . Parts Lost 10 | . 10 . Power 2 | . 2 . Propulsion 3 | . 3 . Utility 2 | . 2 . Weapon 3 | . 3 . Highest Loss Streak 6 | . 6 . To Critical Strikes 1 | . 1 . Average Slot Usage (%) 92 | . 91 100 Engine 9 | . 9 14 Core 4 | . 4 . Treads 27 | . 27 28 Device 7 | . 6 14 Storage 14 | . 14 14 Energy Gun 12 | . 12 14 Ballistic Gun 15 | . 15 14 Peak Build Rating 9 | 7 9 9 Average Rating 7 | 5 7 9 On Entrance 5 | . 7 9 Naked Turns . | . . . Heaviest Build 88 | 12 88 86 Greatest Support 40 | 40 40 40 Greatest Overweight (x) 4 | . 4 2 Average Overweight (x) . | . . 2 Largest Inventory Capacity 25 | 8 25 25 Average Capacity 17 | 7 18 25 Most Carried 23 | 8 20 23 Average Carried 11 | 5 11 22 Final Capacity 25 | 8 25 25 Final Carried 23 | 8 20 23 Class Distribution -------------------- 85% | Mutant 14% | Scavenger-Mutant Dominant Class ---------------- Mutant | -10/Materials Scavenger-Mutant | -10/Mines Resources | -11 -10 -10 ----------- Run | Yrd Mat Min Matter Collected 535 | 302 230 3 Remotely . | . . . Salvage Created 943 | 126 783 34 Parts 55 | 6 43 6 Haulers Intercepted 2 | . 2 . Recyclers Shooed 2 | . 2 . Parts Field Recycled . | . . . Retrieved Matter . | . . . Parts Self-Destructed . | . . . Prevented . | . . . Kills | -11 -10 -10 ------- Run | Yrd Mat Min Combat Hostiles Destroyed 17 | . 14 3 Guns 17 | . 14 3 Classes Destroyed 8 | 3 5 . Worker 1 | 1 . . Tunneler 1 | 1 . . Hauler 2 | . 2 . Recycler 2 | 1 1 . Operator 2 | . 2 . Watcher 2 | . 2 . Swarmer 6 | . 3 3 Grunt 11 | . 11 . Best Kill Streak 6 | 2 6 3 Combat Bots Only 6 | . 6 3 Max Kills in Single Turn 2 | 1 1 2 Gunslinging 1 | . . 1 Exploded . | . . . Melee . | . . . Uniques/NPCs Destroyed . | . . . Combat | -11 -10 -10 -------- Run | Yrd Mat Min Hostile Shots Fired 177 | . 166 11 Missed 43 | . 40 3 Damage Taken 1494 | . 1406 88 Core 253 | . 235 18 Absorbed by Shields . | . . . Core Remaining (%) 100 | 100 . . Volleys Fired 110 | 11 93 6 Largest 2 | 2 2 2 Hottest 60 | 40 60 60 Shots Fired 202 | 22 168 12 Gun 202 | 22 168 12 Cannon . | . . . Launcher . | . . . Special . | . . . Kinetic 133 | 22 105 6 Thermal 69 | . 63 6 Explosive . | . . . Electromagnetic . | . . . Robot Hit Streak 9 | 3 8 9 Robot Miss Streak 3 | 3 3 3 Penetration Max . | . . . Secondary Targets 5 | . 3 2 Max Gunslinging Chain 1 | . 1 1 Shots Hit Robots 135 | 12 115 8 Core Hits 60 | 6 49 5 Critical Kills . | . . . Critical Parts Destroyed 1 | . 1 . Critical Strikes 1 | . 1 . Destroy 1 | . 1 . Melee Attacks . | . . . Impact . | . . . Slashing . | . . . Piercing . | . . . Sneak Attacks . | . . . Combat Hostiles . | . . . Follow-up Attacks . | . . . Damage Inflicted 1246 | 104 1066 76 Guns 1246 | 104 1066 76 Cannons . | . . . Explosions . | . . . Melee . | . . . Ramming . | . . . Kinetic 728 | 104 591 33 Thermal 518 | . 475 43 Explosive . | . . . Electromagnetic . | . . . Impact . | . . . Slashing . | . . . Piercing . | . . . Highest Corruption . | . . . Average Corruption . | . . . Corruption Purged . | . . . Corruption Blocked . | . . . Overload Shots . | . . . Overflow Damage . | . . . Projectiles . | . . . Explosions . | . . . Melee . | . . . Knockbacks . | . . . Impact . | . . . Kinetic . | . . . Secondary . | . . . Self-Inflicted Damage . | . . . Shots . | . . . Rammed . | . . . Targets Rammed . | . . . Kicked . | . . . Crushed . | . . . Highest Temperature 138 | . 138 6 Average Temperature 24 | . 24 6 Received Heat Transfer 615 | . 588 27 Siege Activations . | . . . Robots Corrupted . | . . . Combat Hostiles . | . . . Parts Fried . | . . . Impact Corruptions . | . . . Robots Melted . | . . . Combat Hostiles . | . . . Parts Melted 2 | . 2 . Heat Transferred 1175 | . 1075 100 Parts Sabotaged . | . . . Parts Stolen . | . . . Parts Stripped . | . . . Power Chain Reactions . | . . . Alert | -11 -10 -10 ------- Run | Yrd Mat Min Peak Influence 239 | 15 239 71 Initial 9 | . 9 1 Average 58 | 6 63 69 Maximum Alert Level 1 | . 1 . Low Security (%) 90 | 100 87 100 Level 1 9 | . 12 . Level 2 . | . . . Level 3 . | . . . Level 4 . | . . . Level 5 . | . . . High Security . | . . . Max Security . | . . . Squads Dispatched 4 | . 4 . Investigation 1 | . 1 . Extermination . | . . . Reinforcement 3 | . 3 . Assault . | . . . Garrison . | . . . Intercept . | . . . Searches Triggered . | . . . Construction Impeded . | . . . Haulers Reinforced . | . . . Active Scanning Responses . | . . . Cargo Convoy Interrupts . | . . . Stealth | -11 -10 -10 --------- Run | Yrd Mat Min Distress Signals 1 | . 1 . Communications Jammed . | . . . Distress Signals . | . . . Times Spotted 34 | . 30 4 Peak Tracking Total 8 | . 8 2 Tactical Retreats 1 | . 1 . Traps | -11 -10 -10 ------- Run | Yrd Mat Min Traps Triggered 3 | . 3 . Indirectly . | . . . Trap Hack Attempts . | . . . Triggered . | . . . Disarmed . | . . . Reprogrammed . | . . . Reused . | . . . Traps Extracted . | . . . Installed . | . . . Triggered . | . . . Machines | -11 -10 -10 ---------- Run | Yrd Mat Min Machines Disabled . | . . . Max in Single Turn . | . . . Machines Repaired . | . . . Machines Dismantled . | . . . Machines Sabotaged . | . . . Overloaded Fab Kills . | . . . Hacking | -11 -10 -10 --------- Run | Yrd Mat Min Machines Accessed . | . . . Terminals . | . . . Fabricators . | . . . Repair Stations . | . . . Recycling Units . | . . . Scanalyzers . | . . . Garrison Access . | . . . Total Hacks . | . . . Successful . | . . . Failed . | . . . Catastrophic . | . . . Database Lockouts . | . . . Manual . | . . . Terminals . | . . . Fabricators . | . . . Repair Stations . | . . . Recycling Units . | . . . Scanalyzers . | . . . Garrison Access . | . . . Terminal Hacks . | . . . Fabricator Hacks . | . . . Repair Station Hacks . | . . . Recycling Unit Hacks . | . . . Scanalyzer . | . . . Garrison Access Hacks . | . . . Unauthorized Hacks . | . . . Terminals . | . . . Fabricators . | . . . Repair Stations . | . . . Recycling Units . | . . . Scanalyzers . | . . . Garrison Access . | . . . Data Cores Recovered . | . . . Used . | . . . Hacking Detections . | . . . Full Trace Events . | . . . Feedback Events . | . . . Feedback Blocked . | . . . Robot Schematics Acquired . | . . . Robots Built . | . . . Authchips . | . . . Time . | . . . Total Robot Build Rating . | . . . Part Schematics Acquired . | . . . Parts Built . | . . . Authchips . | . . . Time . | . . . Total Part Build Rating . | . . . Parts Repaired . | . . . Time . | . . . Parts Recycled . | . . . Recycled Matter . | . . . Retrieved Matter . | . . . Retrieved Components . | . . . Parts Scanalyzed . | . . . Part Schematics Acquired . | . . . Parts Damaged . | . . . Bothacking | -11 -10 -10 ------------ Run | Yrd Mat Min Used RIF Installer . | . . . Robots Hacked . | . . . Non-combat . | . . . Combat . | . . . Robot Hacks Applied . | . . . Relay Couplers Released . | . . . Fabnet Peak Effective % . | . . . Robots Rewired . | . . . Allies Hacked . | . . . Hacks Repelled . | . . . Allies | -11 -10 -10 -------- Run | Yrd Mat Min Total Allies . | . . . Largest Group . | . . . Highest-Rated Group . | . . . Highest-Rated Ally . | . . . Total Orders . | . . . Ally Attacks . | . . . Total Damage . | . . . Kills . | . . . Allies Corrupted . | . . . Allies Melted . | . . . Intel | -11 -10 -10 ------- Run | Yrd Mat Min Robot Analysis Total . | . . . Derelict Logs Recovered . | . . . Drone Launches . | . . . Drone Recoveries . | . . . Exploration | -11 -10 -10 ------------- Run | Yrd Mat Min Turns Passed 1887 | 178 1533 176 Spaces Moved 652 | 81 522 49 Core 2 | 2 . . Treads 650 | 79 522 49 Legs . | . . . Wheels . | . . . Hover . | . . . Flight . | . . . Fastest Speed 50 | 50 160 320 Average Speed 233 | 157 237 320 Slowest Speed 480 | 160 480 320 Overloaded Moves . | . . . Propulsion Burnouts . | . . . Robots Hopped . | . . . Cave-ins Triggered . | . . . Exploration Rate (%) 33 | 5 78 16 Regions Visited 2 Branch Regions 1 Pre-discovered Areas . | . . . Known Exits Taken . | . . . Unknown Exits Taken 2 | 1 1 . Scrap Searched . | . . . Spaces Dug . | . . . Terrain Destroyed . | . . . Melee . | . . . Projectile . | . . . AOE . | . . . Terrain Rammed . | . . . Walls Destroyed . | . . . Machines Disabled . | . . . Actions | -11 -10 -10 --------- Run | Yrd Mat Min Total 840 | 112 670 58 Wait 8 | . 8 . Move 650 | 80 521 49 Hop . | . . . Pick Up 39 | 11 25 3 Fast Attach 9 | 5 4 . Attach 12 | 2 10 . Detach . | . . . Swap 4 | 1 3 . Drop 8 | 2 6 . Fire 110 | 11 93 6 Melee . | . . . Ram . | . . . Kick . | . . . Crush . | . . . Escape Stasis . | . . . Rewire . | . . . Trap . | . . . Miscellaneous . | . . . Route ------- -11/Scrapyard -10/Materials (discovered 4 exits: [*Mat x2] / [*Min x2]) -10/Mines History --------- Turn | Location | Event 10 | -11/Scrapyard | Discovered new exit (range 15) 179 | -11/Scrapyard | Entered Materials 314 | -10/Materials | Build established: Mutant 336 | -10/Materials | Core integrity fell below 50% 376 | -10/Materials | Lost 3 parts (1n1u1w) 447 | -10/Materials | Discovered new exit (range 12) 498 | -10/Materials | Discovered new exit (range 11) 615 | -10/Materials | Discovered new exit (range 16) 876 | -10/Materials | Core integrity fell below 20% 944 | -10/Materials | Lost 6 parts (2p1n1u2w) 1318 | -10/Materials | Discovered new exit (range 6) 1712 | -10/Materials | Entered Mines 1888 | -10/Mines | Destroyed by G-47 Trooper with Particle Gun Last Messages --------------- 01686_ Acquired 11 matter. 01698_ Acquired Mining Laser. LOCATION=UNKNOWN GOAL=ESCAPE Something is scanning the area. 01712_ S-10 Pest destroyed. 01712_ Switching to secondary target: S-10 Pest. 01718_ S-10 Pest destroyed. 01718_ Switching to secondary target: S-10 Pest. 01718_ S-10 Pest destroyed. 01721_ Acquired 3 matter. 01734_ Acquired Lgt. Assault Rifle. 01745_ K-01 Serf collects debris. 01745_ Acquired Lgt. Ion Engine. 01749_ K-01 Serf collects debris. 01749_ R-06 Scavenger collects Flight Unit. 01752_ R-06 Scavenger collects Lgt. Ion Engine. 01753_ K-01 Serf collects debris. 01756_ R-06 Scavenger collects Lgt. Ion Engine. 01764_ K-01 Serf collects debris. Map ----- +----------------------------------------------------+ | ??????# #?????????????????????????????????? | | ??????# #?????????????????????????????????? | | ??????# #?????????????????????????????????? | | ??????# #?????????????????????????????????? | | ??????# #?????????????????????????????????? | | ??????# #?????????????????????????????????? | | ??????# #?????????????????????????????????? | | ???#### ##?????????##?????????????????????? | | ??## % ##???????? ###??????????????????? | | ??# ##??????? ??????????????????? | | ??# *% ##?????? ???????????????????? | | ??## % ##????? ???????????????????? | | ???####### #?????# ???????????????????? | | ?????????## #?????# ???????????????????? | | ??????????## #?????# ???????????????????? | | ???????????# ####??# #???????????????????? | | ???????????# #??# #???????????????????? | | ???????????#### #??# #???????????????????? | | ??????????????# #??# #??????####?????????? | | ??????????????# #??# #??#### ##????????? | | ??????????????# #### #### ##???????? | | ??????????????# #???????? | | ??????????????###### #???????? | | ???????????????????####### ##???????? | | ???????" """ ########????## """ ##????????? | | ???# g g @ #?????# """ ##????????? | | ???# ###### #????## """ ###??????? | | ??????????????????# #???## """ ##?????? | | ??????????????????# #???# ##????? | | ??????????????????# #??## #????? | | ??????????????##### #### #???? | | ??????????????# ## #???? | | ??????????????# ##?#### #???? | | ??????????????# ####### ##??????# ##???? | | ??????????????# ??????###???????? ##????? | | ??????????????# ??????????????????? #?????? | | ??????????????#???????????????????????????? | | ??????????????????????????????????????????? | | ??????????????????????????????????????????? | | ??????????????????????????????????????????? | | ??????????????????????????????????????????? | | ??????????????????????????????????????????? | | ??????????????????????????????????????????? | | ??????????????????????????????????????????? | | ??????????????????????????????????????????? | | ??????????????????????????????????????????? | | ??????????????????????????????????????????? | | ??????????????????????????????????????????? | | ??????????????????????????????????????????? | | ??????????????????????????????????????????? | +----------------------------------------------------+ Best States ------------- Heat Dissipation 35 Energy Generation 14 Energy Capacity 250 Matter Stores 300 Matter Capacity 300 Sight Range 16 Terrain Scan Range 16 Terrain Scan Density 10 Evasion (%) 40 Recoil Reduction 2 Item Schematics ----------------- None Robot Schematics ------------------ None Fabricated ------------ Nothing Alien Tech Used ----------------- None Achievements -------------- None Challenges ------------ None Game ------ Seed NeutrinoRainbowGravjet Manual? 0 Play Time 00:12:22 Cumulative 170.8 hours Start 2024.08.13 @ 20:58:43 End 2024.08.13 @ 21:11:27 Sessions 1 Manual Loads 0 Difficulty Rogue Special Mode None Game No. 196 Rogue 196 Adventurer 0 Explorer 0 Win Type - Total 0 Types 0/0/0/0/0/0/0/0/0 Lore% 24 Gallery% 58 Achievement% 43 Wizard Run 0 Options --------- Layout 1 ASCII 0 Keyboard 1 Movement Vi Keybinds 0 Fullscreen 1 Font 24/Smallcaps Map View 50x35 Zoom Use 0% Tactical HUD 1 Map Filters NONE Filters NONE Steam 1 RUN: 29885840-73cb-43b7-bccd-48efca282e2d